 Dungeon Crawl Stone Soup version 0.28-a0-664-gc179e30c89 (webtiles) character file.

Game seed: 12754789428596505057

48 lawman0 the Digger (level 3, 0/31 HPs)
             Began as a Troll Earth Elementalist on Oct 15, 2021.
             Slain by a goblin (2 damage)
             ... led by Robin
             ... on level 2 of the Dungeon.
             The game lasted 00:01:29 (920 turns).

lawman0 the Digger (Troll Earth Elementalist)        Turns: 920, Time: 00:01:31

Health: 0/31       AC:  4    Str: 16    XL:     3   Next: 50%
Magic:  2/4        EV:  9    Int: 12    God:
Gold:   96         SH:  0    Dex: 10    Spells: 1/4 levels left

rFire   . . .      SeeInvis .     - Unarmed
rCold   . . .      Faith    .   (no shield)
rNeg    . . .      Spirit   .   b - +0 robe
rPois   .          Reflect  .   (helmet restricted)
rElec   .          Harm     .   (no cloak)
rCorr   +          Rampage  .   (gloves unavailable)
Will    .....                   (boots unavailable)
Stlth   +.........              (no amulet)
HPRegen 1.10/turn               g - ring of resist corrosion
MPRegen 0.09/turn               (no ring)

@: no status effects
A: large, unfitting armour, claws 3, regeneration 1, shaggy fur 1, tough skin 1
a: no special abilities


You were on level 2 of the Dungeon.
You visited 1 branch of the dungeon, and saw 2 of its levels.

You collected 96 gold pieces.

Inventory:

Missiles
 c - 25 stones
Armour
 b - a +0 robe (worn)
Jewellery
 g - a ring of resist corrosion (left claw)
Scrolls
 a - a scroll of silence
Potions
 d - 2 potions of heal wounds {unknown}
 f - a potion of might {unknown}


   Skills:
 + Level 1.7 Dodging
 + Level 1.0 Stealth
 * Level 1.1 Unarmed Combat
 + Level 1.3 Spellcasting
 * Level 1.0 Transmutations
 * Level 3.4 Earth Magic


You had one spell level left.
You knew the following spells:

 Your Spells              Type           Power      Damage    Failure   Level
a - Sandblast             Erth           18%        2d7       7%          1
b - Passwall              Tmut/Erth      5%         N/A       17%         2

Your spell library contained the following spells:

 Spells                   Type           Power      Damage    Failure   Level
 Stone Arrow              Conj/Erth      8%         3d7       41%         3
 Petrify                  Tmut/Erth      6%         N/A       75%         4


Dungeon Overview and Level Annotations

Branches:
Dungeon (2/15)

Altars:

Annotations:
D:2 Robin


Innate Abilities, Weirdness & Mutations

You are too large for most types of armour.
You have claws for hands.
Your natural rate of healing is unusually fast.
You are covered in fur. (AC +1)
You have tough skin. (AC +1)


Message History

You scratch the goblin.
The goblin is moderately wounded.
The goblin hits you with a +0 club. The goblin hits you but does no damage.
The goblin closely misses you. Robin hits you with a +0 dagger.
Unknown command.
The endoplasm quivers.
You scratch the goblin.
You kill the goblin!
The goblin hits you with a +0 club. The goblin barely misses you.
Robin hits you but does no damage.
You barely miss the goblin.
The goblin no longer looks unusually strong. x2
The goblin hits you with a +0 club. The goblin hits you but does no damage.
The goblin hits you with a +0 club. Robin hits you with a +0 dagger.
You scratch the goblin.
The goblin is moderately wounded.
The goblin closely misses you. The goblin hits you but does no damage.
The goblin barely misses you. Robin hits you but does no damage.
Unknown command.
You scratch the goblin but do no damage.
The goblin is moderately wounded.
The goblin hits you with a +0 club. The goblin closely misses you.
The goblin barely misses you. Robin hits you with a +0 dagger.
* * * LOW HITPOINT WARNING * * *
You miss the goblin.
The goblin is moderately wounded.
The hobgoblin no longer looks unusually strong.
The goblin barely misses you. The goblin misses you.
The goblin closely misses you.
Robin roars a battlecry!
The goblins go into a battle-frenzy!
As you read the scroll labelled KEUN VIFFIPH, it crumbles to dust.
It is a scroll of identify.
a - a scroll of silence The goblin hits you with a +0 club.
* * * LOW HITPOINT WARNING * * *
The goblin hits you with a +0 club.
* * * LOW HITPOINT WARNING * * *
The goblin hits you with a +0 club.
You die...

#.......###.##...###.##.
#.......# #......# #.##.
#.......# ####.... ..##.
#.......# .......####.
#.......# #.##.... #.
#####.######. #.## #.
#...$..J.... ##
#.#.##.##g#...
#.....gg@g# ###.#.g##g#
# #)###g# #. #.# g. ..#
... .## ...g . #.... ..


You could see Robin, an endoplasm, 2 hobgoblins and 4 goblins.

Vanquished Creatures
  A worm (D:2)
  A dart slug (D:2)
  3 bats (D:1)
  8 endoplasms
  7 goblins
  4 hobgoblins
  2 quokkas (D:1)
  3 ball pythons
  A frilled lizard (D:1)
  3 kobolds
  5 rats
38 creatures vanquished.

Notes
Turn   | Place    | Note
-------+----------+-------------------------------------------
     0 | D:1      | lawman0 the Troll Earth Elementalist began the quest for
                  | the Orb.
     0 | D:1      | Reached XP level 1. HP: 16/16 MP: 1/1
    87 | D:1      | Reached skill level 3 in Earth Magic
    99 | D:1      | Reached XP level 2. HP: 23/24 MP: 2/2
   370 | D:1      | Found a faded altar of an unknown god.
   444 | D:1      | Reached skill level 1 in Transmutations
   656 | D:1      | Reached XP level 3. HP: 27/31 MP: 2/4
   811 | D:2      | Reached skill level 1 in Unarmed Combat
   857 | D:2      | Learned a level 2 spell: Passwall
   900 | D:2      | Noticed Robin
   920 | D:2      | Slain by a goblin

Illustrated notes

Levels and vault maps discovered:
D:1:      roderic_dead_forest, layout_basic,
          hellmonk_ecumenical_altar_crossroads, minmay_ruptured
D:2:      layout_loops_cross, hangedman_feature_mirror, uniq_robin

Skill      XL: |  1  2  3 |
---------------+----------+-----
Earth Magic    | 3 |  3.4
Transmutations | 1 |  1.0
Unarmed Combat | 1 |  1.1
Dodging        | |  1.7
Stealth        | |  1.0
Spellcasting   | |  1.3

Action                   || total
-------------------------++-------
Melee: Unarmed           ||    74
 Cast: Sandblast         ||    25
  Use: Scroll            ||     1
 Stab: Sleeping          ||     2
Armor: Robe              ||    25
Dodge: Dodged            ||    50

Table legend: (Time is in decaauts)
 A = Elapsed time spent in this place.
 B = Non-inter-level travel time spent in this place.
 C = Inter-level travel time spent in this place.
 D = Time resting spent in this place.
 E = Time spent auto-exploring this place.
 F = Levels seen in this place.
 G = Mean time per level.
                   A        B        C        D        E       F      G
               +--------+--------+--------+--------+--------+-----+--------+
         Total |    918 |    901 |     17 |     53 |    632 |   2 |  459.0 |
       Dungeon |    918 |    901 |     17 |     53 |    632 |   2 |  459.0 |
               +--------+--------+--------+--------+--------+-----+--------+

Top non-repeatable levels by time:
     D:1: 781 daAuts
     D:2: 137 daAuts
